AoeStats
← BlossomForce

Arabia

505807837Analyzed
1v1 RM · 22d ago on Sep 11, 2026· 44m 28s· 2 players
Game mode
Random Map
Map size
Tiny (2 player)
Population
200
Speed
Normal
Resources
Standard
Victory
Conquest
Starting age
Dark Age
Ending age
Imperial Age
RankedLock teamsTeams togetherTeam positionsShared explorationLock speedFull tech treeHidden civsTurbo modeCheats
Victory
Defeat
🇺🇸 Magyars · United States
852
+12
🇦🇷 Koreans · Argentina
763
-12
valium
6:51 Loom
10:07 Feudal Age
17:44 Castle Age
16:31 Fletching
18:20 Horse Collar
18:44 Pikeman
22:33 Scale Mail Armor
23:18 Bodkin Arrow
25:11 Forging
27:16 Heavy Plow
28:56 Double-Bit Axe
35:03 Squires
35:23 Chain Mail Armor
35:43 Iron Casting
38:17 Ballistics
41:24 Imperial Age
41:10 Scale Barding Armor
43:51 Chemistry
42:47 Gold Mining
43:11 Bow Saw
BlossomForce
7:12 Loom
9:32 Feudal Age
10:40 Double-Bit Axe
10:39 Horse Collar
20:52 Castle Age
20:12 Fletching
20:28 Scale Barding Armor
22:55 Chain Barding Armor
22:54 Bow Saw
23:28 Bloodlines
25:17 Wheelbarrow
26:56 Bodkin Arrow
27:58 Elite Skirmisher
31:12 Thumb Ring
33:26 Stone Mining
33:59 Husbandry
37:43 Hand Cart
37:16 Town Watch
40:53 Masonry
40:48 Murder Holes
Connection lost

Rejoining the realm…

Still unreachable

The connection could not be restored.

Session expired

The server has moved on; the page needs a fresh start.